 Dungeon Crawl Stone Soup version 0.31-a0-1589-g8f5e8aebd6 (webtiles) character file.

Game seed: 1428694359595808060

1442 Sabo the Ducker (level 8, -10/67 HPs)
             Began as a Gnoll Monk on Jan 4, 2024.
             Mangled by a hornet (11 damage)
             ... on level 6 of the Dungeon on Jan 5, 2024.
             The game lasted 00:30:03 (6835 turns).

Sabo the Ducker (Gnoll Monk)                        Turns: 6835, Time: 00:30:03

Health: -10/67     AC: 11    Str: 12    XL:     8   Next: 74%
Magic:  13/13      EV:  8    Int: 11    God:
Gold:   293        SH:  0    Dex: 14    Spells: 14/14 levels left

rFire   . . .        r - +0 war axe
rCold   . . .        d - orb {light}
rNeg    . . .        v - +0 chain mail
rPois   .            (no helmet)
rElec   .            (no cloak)
rCorr   .            (no gloves)
SInv    .            k - +1 pair of boots
Will    .....        (no amulet) Stlth
                     (no ring)
HPRegen 0.31/turn    (no ring)
MPRegen 0.13/turn

%: no passive effects
@: lethally poisoned (-10 -> -16), hasted and slowed, glowing
A: fangs 1, strong nose, distributed training
a: no special abilities


You were on level 6 of the Dungeon.
You visited 1 branch of the dungeon, and saw 6 of its levels.

You collected 293 gold pieces.

Inventory:

Hand Weapons
 a - a +1 hand axe
 o - a +0 shortbow
 r - a +0 war axe (weapon)
 y - a +0 shortbow
Missiles
 i - 6 poisoned darts
 w - 2 atropa-tipped darts
Armour
 d - an orb of light (worn)
 k - a +1 pair of boots (worn)
 v - a +0 chain mail (worn)
Wands
 j - a wand of polymorph (6)
Scrolls
 b - a scroll of revelation
 e - a scroll of teleportation
 f - a scroll of enchant weapon
 h - a scroll of immolation {unknown}
 s - a scroll of enchant armour {unknown}
Potions
 c - 2 potions of enlightenment
 g - 2 potions of might {unknown}
 l - a potion of lignification {unknown}
 n - a potion of brilliance {unknown}
 p - a potion of curing {unknown}
 q - a potion of berserk rage {unknown}
 t - a potion of haste
 u - a potion of degeneration {unknown}
 x - 2 potions of attraction {unknown}


   Skills:
 + Level 7.6 Fighting
 + Level 3.6 Short Blades
 + Level 3.6 Long Blades
 + Level 7.6 Axes
 + Level 3.6 Maces & Flails
 + Level 3.6 Polearms
 + Level 3.6 Staves
 + Level 3.6 Ranged Weapons
 + Level 3.6 Throwing
 + Level 3.6 Armour
 + Level 7.6 Dodging
 + Level 3.6 Stealth
 + Level 3.6 Shields
 + Level 3.6 Unarmed Combat
 + Level 3.6 Spellcasting
 + Level 3.0 Conjurations
 + Level 3.0 Hexes
 + Level 3.0 Summonings
 + Level 3.0 Necromancy
 + Level 3.0 Translocations
 + Level 3.0 Fire Magic
 + Level 3.0 Ice Magic
 + Level 3.0 Air Magic
 + Level 3.0 Earth Magic
 + Level 3.0 Alchemy
 + Level 4.0 Invocations
 + Level 3.6 Evocations
 + Level 3.3 Shapeshifting


You had 14 spell levels left.
You didn't know any spells.
Your spell library contained the following spells:

 Spells                   Type           Power      Damage    Failure   Level
 Sandblast                Erth           16%        2d6       85%         1
 Inner Flame              Hex/Fire       8%         N/A       99%         3
 Passwall                 Erth           8%         N/A       99%         3
 Stone Arrow              Conj/Erth      16%        3d8       99%         3
 Brom's Barrelling Bould  Conj/Erth      8%         2d3       100%        4
 Flame Wave               Conj/Fire      8%         2d5       100%        4
 Sticky Flame             Fire/Alch      8%         2d4       100%        4


Dungeon Overview and Level Annotations

Branches:
Dungeon (6/15)
 Temple: D:4-7

Altars:
Elyvilon
Fedhas
The Shining One

Shops:
D:3 =

Annotations:
D:6 2 runed translucent doors, 1 transporter


Innate Abilities, Weirdness & Mutations

You have very sharp teeth.
Your uncanny sense of smell can sniff out nearby items.
Your experience applies equally to all skills.


Message History

The hornet is lightly wounded.
The hornet stings you but does no damage.
The hornet stings you!
You are poisoned.
You feel as though you will be slow longer.
The hornet stings you.
You feel as though you will be slow longer.
You hit the hornet but do no damage. You bite the hornet, but do no damage.
The hornet is lightly wounded.
You feel very sick. The hornet stings you.
You feel as though you will be slow longer.
The hornet stings you!
You suddenly lose the ability to move!
You can move again.
The air fills with toxic fumes!
As you read the scroll of poison, it crumbles to dust.
You feel very sick. The hornet stings you.
You are more poisoned.
You feel as though you will be slow longer.
The hornet closely misses you.
You hit the hornet but do no damage.
The hornet is lightly wounded.
You feel very sick.
The hornet stings you but does no damage.
The hornet stings you.
* * * LOW HITPOINT WARNING * * *
You suddenly lose the ability to move!
The hornet stings you but does no damage.
You feel very sick. The hornet stings you!
* * * LOW HITPOINT WARNING * * *
You shrug off the repeated paralysis!
You can move again.
It was a potion of haste.
You feel yourself speed up.
* * * LOW HITPOINT WARNING * * *
You feel very sick.
The hornet stings you but does no damage. x2
The hornet stings you!
You die...

#.######.....#.#.#....
#...##...$... #.#....
###.# ...... . ##...
#.# ....########.##
#.# ..§#.......... #.#
###§☼#.......... #.#
#.§§.#....######
#§###☼####....#ssss.
#§§@yT§☼##....+sssss
#####§§§§#....#sBssb
#.§§§#....######
#..☼☼#..........
##.###.......... ..
########.## ### #.##
#.†. #.##


You could see a troll and a hornet.

Vanquished Creatures
  A black bear (D:5)
  3 ogres
  2 centaurs
  A bullfrog (D:6)
  3 scorpions
  A howler monkey (D:5)
  5 bombardier beetles
  A hound (D:4)
  An orc priest (D:6)
  2 jellies
  3 iguanas
  2 orc wizards (D:6)
  4 gnolls (D:5)
  8 adders
  2 white imps (D:6)
  5 dart slugs
  4 ribbon worms
  10 orcs
  11 endoplasms
  2 giant cockroaches (D:1)
  7 goblins
  3 hobgoblins
  12 jackals
  A quokka (D:1)
  4 ball pythons
  8 bats
  4 frilled lizards
  7 kobolds
  5 rats
122 creatures vanquished.

Notes
Turn   | Place    | Note
-------+----------+-------------------------------------------
     0 | D:1      | Sabo the Gnoll Monk began the quest for the Orb.
     0 | D:1      | Reached XP level 1. HP: 23/23 MP: 1/1
    22 | D:1      | Reached XP level 2. HP: 29/29 MP: 2/2
   301 | D:1      | Reached XP level 3. HP: 35/35 MP: 3/3
   408 | D:1      | Reached skill level 1 in Invocations
   464 | D:1      | Found a faded altar of an unknown god.
   940 | D:2      | Reached skill level 1 in Short Blades
   940 | D:2      | Reached skill level 1 in Long Blades
   940 | D:2      | Reached skill level 1 in Maces & Flails
   940 | D:2      | Reached skill level 1 in Polearms
   940 | D:2      | Reached skill level 1 in Staves
   940 | D:2      | Reached skill level 1 in Ranged Weapons
   940 | D:2      | Reached skill level 1 in Throwing
   940 | D:2      | Reached skill level 1 in Armour
   940 | D:2      | Reached skill level 1 in Stealth
   940 | D:2      | Reached skill level 1 in Shields
   940 | D:2      | Reached skill level 1 in Unarmed Combat
   940 | D:2      | Reached skill level 1 in Spellcasting
   940 | D:2      | Reached skill level 1 in Evocations
  1197 | D:2      | Found a glowing golden altar of the Shining One.
  1220 | D:2      | Reached skill level 1 in Shapeshifting
  1220 | D:2      | Reached XP level 4. HP: 41/41 MP: 5/5
  1526 | D:2      | Reached skill level 1 in Conjurations
  1526 | D:2      | Reached skill level 1 in Hexes
  1526 | D:2      | Reached skill level 1 in Summonings
  1526 | D:2      | Reached skill level 1 in Necromancy
  1526 | D:2      | Reached skill level 1 in Translocations
  1526 | D:2      | Reached skill level 1 in Fire Magic
  1526 | D:2      | Reached skill level 1 in Ice Magic
  1526 | D:2      | Reached skill level 1 in Air Magic
  1526 | D:2      | Reached skill level 1 in Earth Magic
  1526 | D:2      | Reached skill level 1 in Alchemy
  1646 | D:2      | You fall into a shaft and drop 2 floors!
  1664 | D:4      | Noticed a centaur
  1669 | D:4      | HP: 2/41 [centaur/arrow (10)]
  1681 | D:4      | Killed a centaur
  1682 | D:4      | Reached XP level 5. HP: 28/47 MP: 5/7
  1981 | D:4      | HP: 2/47 [poisoned by a scorpion]
  1982 | D:4      | Reached XP level 6. HP: 2/53 MP: 8/8
  2866 | D:3      | Found Pasequq's Jewellery Shop.
  3364 | D:4      | Reached XP level 7. HP: 58/60 MP: 10/10
  4143 | D:5      | Entered Level 5 of the Dungeon
  4850 | D:5      | Upgraded the game from 0.31-a0-1570-g93c622d222 to
                  | 0.31-a0-1589-g8f5e8aebd6
  5182 | D:5      | Reached XP level 8. HP: 45/67 MP: 12/12
  5960 | D:6      | Found a runed translucent door.
  5963 | D:6      | Found a runed translucent door.
  6395 | D:6      | Noticed a manticore
  6397 | D:6      | Found a transporter.
  6397 | D:6      | Noticed a wraith
  6399 | D:6      | Noticed a brown ugly thing
  6400 | D:6      | Found a white marble altar of Elyvilon.
  6401 | D:6      | Found a blossoming altar of Fedhas.
  6820 | D:6      | Noticed a troll
  6820 | D:6      | Noticed a hornet
  6831 | D:6      | Paralysed by a hornet for 1 turns
  6833 | D:6      | Paralysed by a hornet for 2 turns
  6834 | D:6      | HP: 3/67 [hornet (9)]
  6835 | D:6      | HP: 1/67 [poisoned by a hornet]
  6835 | D:6      | Mangled by a hornet

Illustrated notes

Levels and vault maps discovered:
D:1:      psy_arrival_spokes, layout_basic, dreamdust_ecumenical_altar_grove
D:2:      layout_basic, basic_altar
D:3:      layout_loops_ring, serial_shops, shop, minmay_misc_feat_room
D:4:      layout_loops_corners
D:5:      layout_loops_corners
D:6:      lemuel_insect_pit, layout_loops_cross,
          gammafunk_temple_overflow_arena, st_stairs_6

Skill      XL: |  1  2  3  4  5  6  7  8 |
---------------+-------------------------+-----
Invocations    | 1 2 3 4 |  4.0
Short Blades   | 1 2 3 |  3.6
Long Blades    | 1 2 3 |  3.6
Maces & Flails | 1 2 3 |  3.6
Polearms       | 1 2 3 |  3.6
Staves         | 1 2 3 |  3.6
Ranged Weapons | 1 2 3 |  3.6
Throwing       | 1 2 3 |  3.6
Armour         | 1 2 3 |  3.6
Stealth        | 1 2 3 |  3.6
Shields        | 1 2 3 |  3.6
Unarmed Combat | 1 2 3 |  3.6
Spellcasting   | 1 2 3 |  3.6
Evocations     | 1 2 3 |  3.6
Shapeshifting  | 1 2 3 |  3.3
Conjurations   | 1 2 3 |  3.0
Hexes          | 1 2 3 |  3.0
Summonings     | 1 2 3 |  3.0
Necromancy     | 1 2 3 |  3.0
Translocations | 1 2 3 |  3.0
Fire Magic     | 1 2 3 |  3.0
Ice Magic      | 1 2 3 |  3.0
Air Magic      | 1 2 3 |  3.0
Earth Magic    | 1 2 3 |  3.0
Alchemy        | 1 2 3 |  3.0
Fighting       | 7 |  7.6
Axes           | 7 |  7.6
Dodging        | 7 |  7.6

Action                     |  1- 3 |  4- 6 |  7- 9 || total
---------------------------+-------+-------+-------++-------
  Melee: Hand axe          |   101 |   134 |   144 ||   379
         Bite              |     4 |    19 |    40 ||    63
         War axe           |       |       |    59 ||    59
    Use: Potion            |       |     2 |     1 ||     3
         Scroll            |       |     4 |     4 ||     8
 Armour: Robe              |    22 |       |       ||    22
         Scale mail        |    17 |    90 |    51 ||   158
         Chain mail        |       |       |   111 ||   111
  Dodge: Dodged            |    71 |    85 |    95 ||   251

Table legend: (Time is in decaauts)
 A = Elapsed time spent in this place.
 B = Non-inter-level travel time spent in this place.
 C = Inter-level travel time spent in this place.
 D = Time resting spent in this place.
 E = Time spent auto-exploring this place.
 F = Levels seen in this place.
 G = Mean time per level.
                   A        B        C        D        E       F      G
               +--------+--------+--------+--------+--------+-----+--------+
         Total |   6828 |   6828 |      0 |   1741 |      0 |   6 | 1138.0 |
       Dungeon |   6828 |   6828 |      0 |   1741 |      0 |   6 | 1138.0 |
               +--------+--------+--------+--------+--------+-----+--------+

Top non-repeatable levels by time:
     D:5: 1594 daAuts
     D:4: 1506 daAuts
     D:6: 1099 daAuts
     D:2: 964 daAuts
     D:1: 870 daAuts
     D:3: 794 daAuts
